 Dungeon Crawl Stone Soup version 0.20.2-3-g29329e0561 (webtiles) character file.

179 Alfie the Skirmisher (level 5, 0/47 HPs)
             Began as a Hill Orc Fighter on Sept 13, 2022.
             Slain by a gnoll
             ... wielding a +0 spear
              (6 damage)
             ... on level 3 of the Dungeon.
             The game lasted 00:06:50 (1435 turns).

Alfie the Skirmisher (Hill Orc Fighter)             Turns: 1435, Time: 00:06:50

Health: 0/47       AC:  7    Str: 20    XL:     5   Next: 59%
Magic:  5/5        EV:  7    Int:  8    God:
Gold:   115        SH:  9    Dex: 10    Spells: 2/4 levels left

rFire    x . .     SeeInvis .   a - +0 rapier
rCold    + . .     Gourm    .   c - +0 shield
rNeg     . . .     Faith    .   b - +0 scale mail
rPois    .         Spirit   .   (no helmet)
rElec    .         Reflect  .   (no cloak)
rCorr    .         Harm     .   (no gloves)
MR       +....                  (no boots)
Stlth    ..........             (no amulet)
Regen    0.2/turn               e - ring of ice
MPRegen  0.1/turn               s - ring of protection from magic

@: no status effects
A: no striking features
a: no special abilities


You were on level 3 of the Dungeon.
You were hungry.

You visited 1 branch of the dungeon, and saw 3 of its levels.

You collected 115 gold pieces.

Inventory:

Hand Weapons
 a - a +0 rapier (weapon)
Armour
 b - a +0 scale mail (worn)
 c - a +0 shield (worn)
Jewellery
 e - a ring of ice (left hand)
 l - an uncursed amulet of rage
 s - a ring of protection from magic (right hand)
Wands
 u - a wand of random effects (43/48)
Scrolls
 g - a scroll of blinking
 h - a scroll of identify
 o - a scroll of amnesia
Potions
 d - a potion of might
 i - a potion of degeneration {unknown}
 j - a potion of curing {unknown}
 q - a potion of resistance {unknown}
 t - a potion of mutation {unknown}
Books
 k - a book of Changes

   Spells                             Type                      Level
   a - Beastly Appendage              Transmutation                1
   b - Sticks to Snakes               Transmutation                2
   c - Spider Form                    Transmutation/Poison         3
   d - Ice Form                       Ice/Transmutation            4
   e - Blade Hands                    Transmutation                5
Comestibles
 f - 2 bread rations
 m - 2 fruits
 v - a royal jelly


   Skills:
 + Level 4.4 Fighting
 + Level 3.6 Short Blades
 + Level 4.1 Armour
 + Level 0.7 Dodging
 + Level 4.3 Shields


You had 2 spell levels left.
You knew the following spells:

 Your Spells              Type           Power        Failure   Level  Hunger
a - Sticks to Snakes      Tmut           #.......     100%        2    ###....


Dungeon Overview and Level Annotations

Branches:
Dungeon (3/15)

Altars:
Cheibriados
Uskayaw


Message History

The gnoll hits you from afar with a spear.
* * * LOW HITPOINT WARNING * * *
The gnoll hits you with a spear.
* * * LOW HITPOINT WARNING * * *
Things that are here:
a halberd; a gnoll corpse You puncture the gnoll!
The gnoll is almost dead.
You block the gnoll's attack.
You hit the gnoll but do no damage.
The gnoll is almost dead.
You block the gnoll's attack.
A gnoll comes into view. It is wielding a club.
You barely miss the gnoll.
The gnoll is almost dead.
The gnoll barely misses you. You block the gnoll's attack.
You closely miss the gnoll.
The gnoll is almost dead.
The gnoll hits you with a spear.
You die...

,* *,*
#.##..*#####<####.##..##.
,* *,*
#.##.#*#..........##..##.
,* *,* #.##.#
#.###...........#. ,* *,*
#.##.# #.# #########.....
,* #,* #.##.# #.# #...##
,** #.###.##.###.# #...##
,,* #............# #...[.
*,* ###....#.######
##..## ,,* ##........@g#
#..## *** #...#.####g#
#..## #####.# *.#
#######..#
#.#***.#***#........#
#..,,,..,,...######.##
###***.#****** #...#
************.# ###...#
*,,,,,,,,,,,.#
*######......
*,************
*............


You could see 2 gnolls.

Vanquished Creatures
  4 gnolls
  7 adders
  3 worms (D:2)
  A dart slug (D:1)
  2 leopard geckos
  4 orcs (D:3)
  2 ball pythons (D:1)
  5 giant cockroaches
  3 hobgoblins
  6 jackals
  A quokka (D:2)
  10 bats
  2 frilled lizards
  5 goblins
  3 kobolds
  6 rats
64 creatures vanquished.

Notes
Turn   | Place    | Note
-------+----------+-------------------------------------------
     0 | D:1      | Alfie the Hill Orc Fighter began the quest for the Orb.
     0 | D:1      | Reached XP level 1. HP: 19/19 MP: 1/1
    80 | D:1      | Reached XP level 2. HP: 27/27 MP: 2/2
   479 | D:1      | Reached XP level 3. HP: 33/33 MP: 3/3
   728 | D:2      | Reached XP level 4. HP: 17/40 MP: 4/4
   738 | D:2      | Learned a level 2 spell: Sticks to Snakes
   947 | D:2      | Reached XP level 5. HP: 19/46 MP: 5/5
  1117 | D:2      | Found a hide-covered altar of Uskayaw.
  1130 | D:2      | Found a snail-covered altar of Cheibriados.
  1435 | D:3      | Slain by a gnoll

Skill      XL: |  1  2  3  4 |
---------------+-------------+-----
Fighting       | 4 |  4.4
Shields        | 4 |  4.3
Short Blades   | 3 |  3.6
Armour         | 4 |  4.1
Dodging        | |  0.7

Action                   |  1- 3 |  4- 6 || total
-------------------------+-------+-------++-------
Melee: Rapier            |   112 |   130 ||   242
  Use: Scroll            |     1 |     9 ||    10
       Potion            |       |     2 ||     2
  Eat: Fruit             |       |     2 ||     2
Armor: Scale mail        |    75 |    60 ||   135
Dodge: Dodged            |    36 |    59 ||    95
Block: Shield            |    75 |    90 ||   165
